 Dungeon Crawl Stone Soup version 0.25-a0-1079-g858b6a6ff6 (webtiles) character file.

Game seed: 4013672610719520049, levelgen mode: deterministic

176 vurker the Skirmisher (level 5, -1/43 HPs)
             Began as a Barachi Fighter on May 15, 2020.
             Was a Follower of Wu Jian.
             Killed by divine providence
             ... invoked by an orc priest
              (11 damage)
             ... on level 4 of the Dungeon.
             The game lasted 00:04:11 (3087 turns).

vurker the Skirmisher (Barachi Fighter)             Turns: 3087, Time: 00:04:12

Health: -1/43      AC:  7    Str: 18    XL:     5   Next: 56%
Magic:  5/5        EV:  8    Int:  8    God:    Wu Jian [*.....]
Gold:   123        SH: 10    Dex: 18    Spells: 4/4 levels left

rFire    . . .     SeeInvis .   a - +0 long sword
rCold    . . .     Gourm    .   c - +0 kite shield
rNeg     . . .     Faith    .   b - +0 scale mail
rPois    .         Spirit   .   (no helmet)
rElec    .         Reflect  .   (no cloak)
rCorr    .         Harm     .   (no gloves)
MR       .....                  (no boots)
Stlth    ..........             (no amulet)
HPRegen  0.14/turn              j - +6 ring of dexterity
MPRegen  0.09/turn              (no ring)

@: slow
A: +LOS, swims, slowness 1, strong legs 1
a: Hop, Renounce Religion


You were on level 4 of the Dungeon.
You worshipped Wu Jian.
Wu Jian was aware of your devotion.
You were not hungry.

You visited 1 branch of the dungeon, and saw 4 of its levels.

You collected 123 gold pieces.

Inventory:

Hand Weapons
 a - a +0 long sword (weapon)
 n - the +4 mace of Famine {vorpal, rF+ rN+ SInv}
   (You found it on level 4 of the Dungeon)

   It inflicts extra damage upon your enemies.
   It protects you from fire.
   It protects you from negative energy.
   It lets you see invisible.
Armour
 b - a +0 scale mail (worn)
 c - a +0 kite shield (worn)
Jewellery
 j - a +6 ring of dexterity (left hand)
   (You found it on level 1 of the Dungeon)
Scrolls
 h - 2 scrolls of fear {unknown}
 k - 2 scrolls of magic mapping {unknown}
 l - 2 scrolls of identify {unknown}
 p - 2 scrolls of remove curse
 q - a scroll of fog {unknown}
 r - a scroll of teleportation
 s - a scroll of enchant weapon {unknown}
Potions
 d - a potion of might
 f - a potion of berserk rage {unknown}
 g - a potion of mutation {unknown}
 i - 3 potions of curing {unknown}
 m - a potion of heal wounds {unknown}
 o - a potion of cancellation {unknown}
Comestibles
 e - 9 rations
 t - 8 chunks of flesh


   Skills:
 + Level 4.4 Fighting
 * Level 4.4 Long Blades
 + Level 4.3 Armour
 + Level 2.0 Dodging
 + Level 4.0 Shields


You had 4 spell levels left.
You didn't know any spells.
Your spell library was empty.

Dungeon Overview and Level Annotations

Branches:
Dungeon (4/15)
 Temple: D:4-7

Altars:
Gozag
Okawaru
Qazlal
Wu Jian


Innate Abilities, Weirdness & Mutations

You can be seen from farther away. (+LOS)
You can swim through water.
You cover ground slowly.
You can hop short distances.


Message History

Your Dodging skill increases to level 2!
You butcher the jackal corpse.
t - 3 chunks of flesh (gained 1)
You butcher the jackal corpse.
t - 4 chunks of flesh (gained 1)
Things that are here:
a jackal skeleton x2
Things that are here:
a jackal skeleton x2
Found a ration.
Things that are here:
a +0 hand axe; a +0 leather armour; an orc corpse You butcher the orc corpse.
t - 5 chunks of flesh (gained 1)
Things that are here:
a +0 hand axe; a +0 leather armour; an orc skeleton
Things that are here:
a +0 hand axe; a +0 leather armour; an orc skeleton You butcher the jackal corpse.
t - 8 chunks of flesh (gained 3)
You see here a jackal skeleton. x2
Things that are here:
a +0 hand axe; a +0 leather armour; an orc skeleton
e - 9 rations (gained 1)
An orc comes into view.
The orc shouts!
You hear a shout!
An orc is nearby!
An orc priest comes into view. It is wielding a +0 hand axe.
The orc priest shouts!
The orc priest miscasts a cantrip.
The orc hits you but does no damage.
You hit the orc but do no damage.
The orc priest calls down the wrath of Beogh upon you.
Beogh smites you! The orc hits you.
You completely miss the orc. You block the orc's attack.
You spin and attack the orc.
You hit the orc but do no damage.
The orc priest invokes the aid of Beogh against you.
Pain shoots through your body! The orc hits you.
* * * LOW HITPOINT WARNING * * *
You spin and attack the orc.
You completely miss the orc. You block the orc's attack.
The orc priest invokes the aid of Beogh against you.
Beogh smites you!
* * * LOW HITPOINT WARNING * * *
The orc hits you but does no damage.
Found a ration.
You slash the orc priest!
The orc priest calls down the wrath of Beogh upon you.
Beogh smites you!
You die...

..##.# ##.....#.....
..##.# #...........#
.....# #......#...##
..####
####......#....# ###
..##....### .#.#
#.#####.# .# # ... #
#.#.....# #
.....#.###.#.#####
........@o...#
###########...o..####
##.....# #......#
.......#######.####
#.......... #.
#.......... #%
#.......... # ..
#.......... .[.
#.......... #.#


You could see an orc priest and an orc.

Vanquished Creatures
  2 hounds (D:4)
  An iguana (D:4)
  An adder (D:2)
  An adder skeleton (D:4)
  2 worms
  2 dart slugs
  3 leopard geckos (D:2)
  7 orcs
  3 giant cockroaches
  8 goblins
  4 hobgoblins
  7 jackals
  A quokka (D:4)
  A ball python (D:3)
  3 bats (D:2)
  3 frilled lizards
  A jackal skeleton (D:4)
  9 rats
59 creatures vanquished.

Notes
Turn   | Place    | Note
-------+----------+-------------------------------------------
     0 | D:1      | vurker the Barachi Fighter began the quest for the Orb.
     0 | D:1      | Reached XP level 1. HP: 18/18 MP: 1/1
   131 | D:1      | Reached XP level 2. HP: 22/25 MP: 2/2
   923 | D:2      | Reached skill level 1 in Dodging
   923 | D:2      | Reached XP level 3. HP: 30/30 MP: 3/3
  1958 | D:3      | Reached XP level 4. HP: 29/37 MP: 4/4
  2120 | D:3      | Found a faded altar of an unknown god.
  2175 | D:3      | Became a worshipper of the Wu Jian Council
  2175 | D:3      | Reached * piety under Wu Jian
  2437 | D:3      | Noticed a two-headed ogre
  2437 | D:3      | Noticed a hippogriff
  2901 | D:4      | Found an iron altar of Okawaru.
  2917 | D:4      | Got a jewelled mace
  2918 | D:4      | Identified the +4 mace of Famine {vorpal, rF+ rN+ SInv}
                  | (You found it on level 4 of the Dungeon)
  2946 | D:4      | Reached XP level 5. HP: 42/42 MP: 5/5
  2969 | D:4      | Found an ornate altar of the Wu Jian Council.
  2969 | D:4      | Found an opulent altar of Gozag.
  2971 | D:4      | Found a stormy altar of Qazlal.
  3087 | D:4      | Killed from afar by an orc priest

Illustrated notes

Levels and vault maps discovered:
D:1:      minmay_arrival_semitransparent, layout_loops_ring, st_stairs_9
D:2:      layout_basic, serial_bayou, serial_bayou_shore_a,
          serial_bayou_lagoon_b, serial_bayou_crossing, serial_bayou_lake_a
D:3:      layout_basic, chequers_ecumenical_altar_simple, first_ration,
          grunt_decor_cap, hex_intersection, dk_noncrumbling_4,
          lightli_corner_chamber
D:4:      layout_basic, lemuel_blue_sif_altar,
          chequers_temple_overflow_statue_of_worship, okawaru_ov_weapons_minmay

Skill      XL: |  1  2  3  4  5 |
---------------+----------------+-----
Long Blades    | 3 4 |  4.4
Dodging        | 1 2 |  2.0
Fighting       | 4 |  4.4
Armour         | 4 |  4.3
Shields        | 4 |  4.0

Action                   |  1- 3 |  4- 6 || total
-------------------------+-------+-------++-------
Melee: Long sword        |   114 |    76 ||   190
Invok: Whirlwind         |       |     3 ||     3
       Lunge             |       |     1 ||     1
  Use: Scroll            |     2 |       ||     2
  Eat: Chunk             |     4 |     4 ||     8
Armor: Scale mail        |    37 |    28 ||    65
Dodge: Dodged            |    27 |    26 ||    53
Block: Kite shield       |    48 |    48 ||    96
       Rpst.: Long sword |     9 |     7 ||    16

Table legend:
 A = Non-vault XP
 B = Vault XP
 C = Vault XP percentage of total XP
 D = Non-vault monster count
 E = Vault monster count
 F = Vault count percentage of total count
                 A         B        C        D         E       F
            +---------+---------+-------+---------+---------+-------
      Total |     248 |       4 |   1.6 |      57 |       2 |   3.4
            +---------+---------+-------+---------+---------+-------
        D:1 |       8 |       4 |  33.3 |       4 |       2 |  33.3
        D:2 |      53 |       0 |   0.0 |      20 |       0 |   0.0
        D:3 |      42 |       0 |   0.0 |      21 |       0 |   0.0
        D:4 |     145 |       0 |   0.0 |      12 |       0 |   0.0
            +---------+---------+-------+---------+---------+-------
